 Dungeon Crawl Stone Soup version 0.25.0-3-gd7cc568 (webtiles) character file.

Game seed: 13929473974225365327

3287 Exaltedone87 the Destroyer (level 9, -2/62 HPs)
             Began as a Green Draconian Conjurer on June 15, 2020.
             Was a Believer of Qazlal.
             Slain by a vampire (4 damage)
             ... on level 8 of the Dungeon.
             The game lasted 00:32:57 (8469 turns).

Exaltedone87 the Destroyer (DrCj)                   Turns: 8469, Time: 00:32:58

Health: -2/62      AC: 16    Str: 17    XL:     9   Next: 69%
Magic:  17/17      EV: 14    Int: 21    God:    Qazlal [**....]
Gold:   260        SH:  0    Dex: 13    Spells: 12/18 levels left

rFire    . . .     SeeInvis .     - Unarmed
rCold    . . .     Gourm    .   (no shield)
rNeg     . . .     Faith    .   (armour unavailable)
rPois    +         Spirit   .   (helmet restricted)
rElec    .         Reflect  .   a - +2 cloak {rCorr}
rCorr    +         Harm     .   (no gloves)
MR       .....                  j - +1 pair of boots
Stlth    +.........             (no amulet)
HPRegen  0.20/turn              e - +4 ring of protection
MPRegen  0.15/turn              q - +6 ring of strength

@: confused, flayed
A: breathe noxious fumes, unfitting armour, stinger 1, clever 2, poison
resistance, screaming 1, cold-blooded, AC +7
a: Breathe Noxious Fumes, Upheaval, Renounce Religion


You were on level 8 of the Dungeon.
You worshipped Qazlal.
Qazlal was pleased with you.
You were not hungry.

You visited 2 branches of the dungeon, and saw 9 of its levels.

You collected 260 gold pieces.

Inventory:

Armour
 a - a +2 cloak of preservation (worn)
 j - a +1 pair of boots (worn)
Jewellery
 e - a +4 ring of protection (left hand)
 i - an uncursed ring of flight
 q - a +6 ring of strength (right hand)
Wands
 l - a wand of iceblast (8)
 n - a wand of flame (26)
 o - a wand of disintegration (18)
 t - a wand of polymorph (10)
Scrolls
 f - 2 scrolls of blinking
 h - 4 scrolls of teleportation
 k - a scroll of remove curse
 m - 3 scrolls of fear
 r - a scroll of identify
Potions
 c - a potion of curing
 g - 4 potions of mutation
 p - 3 potions of might
 s - a potion of heal wounds
Comestibles
 b - 13 rations


   Skills:
 + Level 4.8 Dodging
 - Level 4.0 Stealth
 + Level 5.1 Unarmed Combat
 + Level 5.3 Spellcasting
 * Level 8.1 Conjurations
 + Level 4.1 Hexes
 + Level 4.8 Invocations


You had 12 spell levels left.
You knew the following spells:

 Your Spells              Type           Power        Failure   Level  Hunger
a - Magic Dart            Conj           ####         1%          1    None
b - Searing Ray           Conj           #####.       1%          2    None
c - Dazzling Flash        Conj/Hex       ####..       2%          3    ##.....

Your spell library contained the following spells:

 Spells                   Type           Power        Failure   Level  Hunger
 Fulminant Prism          Conj/Hex       ####......   9%          4    ####...
 Iskenderun's Mystic Bla  Conj/Tloc      ###.....     21%         4    ####...


Dungeon Overview and Level Annotations

Branches:
Dungeon (8/15)             Temple (1/1) D:6
   Lair: D:8-11

Altars:
Ashenzari
Cheibriados
Dithmenos
Elyvilon
Fedhas
Gozag
Hepliaklqana
Kikubaaqudgha
Makhleb
Nemelex Xobeh
Okawaru
Qazlal
Ru
Sif Muna
Trog
Uskayaw
Wu Jian
Xom
Yredelemnul
Zin
The Shining One

Shops:
D:6 (

Annotations:
D:3 2 runed translucent doors, KittyFluff's ghost, amateur DrWn
D:8 1 transporter


Innate Abilities, Weirdness & Mutations

You can breathe blasts of noxious fumes.
Your lurid green scales are hard. (AC +7)
You cannot fit into any form of body armour.
Your system is resistant to poisons. (rPois)
You are cold-blooded and may be slowed by cold attacks.
Your tail ends in a poisonous barb.
Your mind is very acute. (Int +4)
You occasionally shout uncontrollably at your foes.


Message History

Something bites you but does no damage.
The water moccasin zombie bites you but does no damage.
Something hits you!
* * * LOW HITPOINT WARNING * * *
Something bites you.
* * * LOW HITPOINT WARNING * * *
Something draws strength from your injuries!
You miss something.
The water moccasin zombie barely misses you.
Something barely misses you. Something bites you but does no damage.
You're too confused!
You barely miss the water moccasin zombie.
The water moccasin zombie is lightly damaged.
The water moccasin zombie bites you.
* * * LOW HITPOINT WARNING * * *
You're too confused to cast spells.
You hit the water moccasin zombie.
The water moccasin zombie is lightly damaged.
Something barely misses you. Something bites you.
You die...

#####.##.##.#?#.#
#...........#.#.#
#.....).........##
#....<[.....#....#.
#..............#...
#.........©........
#...#############.#
#...#©..........#.#
###.#.....@°....#.#
...#..##Z.Z##..#.#
###.#..#8.W.8#..#(#
#.#..##...##..#.#
#.#.....©.....#.#
#.#..##.[.##..#.
#.#. #8...8# .#.
#.# ##...## #. #.
..... .


You could see a flayed ghost, a water moccasin zombie and a jackal skeleton.

Vanquished Creatures
  Pikel (D:6)
  Maggie (D:6)
  Prince Ribbit (D:7)
  Sigmund (D:4)
  A water moccasin (D:5)
  Duvessa (D:5)
  3 ice beasts
  4 phantoms
  An ogre (D:6)
  2 centaurs
  Blork the orc (D:5)
  A bullfrog (D:7)
  Dowan (D:5)
  A water moccasin zombie (D:6)
  2 scorpions
  3 wights (D:7)
  2 crimson imps
  A jelly (D:5)
  A bullfrog zombie (D:5)
  A centaur zombie (D:7)
  6 hounds
  A bullfrog skeleton (D:4)
  An orc priest (D:3)
  A centaur skeleton (D:7)
  3 orc wizards
  Crazy Yiuf (D:5)
  2 iguanas (D:5)
  A worker ant (D:7)
  A hound zombie (D:5)
  A gnoll (D:1)
  9 adders
  A shadow imp (D:5)
  An adder skeleton (D:4)
  3 worms
  5 leopard geckos
  10 orcs
  4 giant cockroaches
  7 hobgoblins
  11 jackals
  13 kobolds
  A quokka (D:6)
  2 ball pythons
  6 bats
  6 frilled lizards
  5 goblins
  A leopard gecko skeleton (D:4)
  2 quokka skeletons (D:5)
  6 rats
141 creatures vanquished.

Notes
Turn   | Place    | Note
-------+----------+-------------------------------------------
     0 | D:1      | Exaltedone87 the Draconian Conjurer began the quest for the
                  | Orb.
     0 | D:1      | Reached XP level 1. HP: 14/14 MP: 3/3
   257 | D:1      | Reached XP level 2. HP: 16/20 MP: 1/5
   294 | D:1      | Learned a level 2 spell: Searing Ray
   966 | D:1      | Reached XP level 3. HP: 26/26 MP: 3/6
  1286 | D:1      | Gained mutation: Your mind is acute. (Int +2) [potion of
                  | mutation]
  1286 | D:1      | Gained mutation: Your tail ends in a poisonous barb.
                  | [potion of mutation]
  1286 | D:1      | Gained mutation: You occasionally shout uncontrollably at
                  | your foes. [potion of mutation]
  1286 | D:1      | Gained mutation: Your mind is very acute. (Int +4) [potion
                  | of mutation]
  1295 | D:2      | Reached skill level 1 in Unarmed Combat
  1456 | D:2      | Found a stormy altar of Qazlal.
  1545 | D:2      | Became a worshipper of Qazlal Stormbringer
  2110 | D:2      | Found a shimmering blue altar of Sif Muna.
  2137 | D:2      | Reached XP level 4. HP: 33/33 MP: 8/8
  2498 | D:3      | Found a runed translucent door.
  2498 | D:3      | Noticed KittyFluff's ghost (amateur DrWn)
  2498 | D:3      | Noticed a bullfrog
  2587 | D:3      | Found a white marble altar of Elyvilon.
  2958 | D:3      | Learned a level 3 spell: Dazzling Flash
  2979 | D:3      | Reached XP level 5. HP: 38/38 MP: 9/9
  3035 | D:3      | Found a burning altar of Makhleb.
  3228 | D:3      | Found a runed translucent door.
  3520 | D:4      | Noticed a phantom
  3536 | D:4      | Noticed a phantom
  3568 | D:4      | Killed a phantom
  3568 | D:4      | Reached * piety under Qazlal
  3568 | D:4      | Reached XP level 6. HP: 40/45 MP: 3/11
  3686 | D:4      | Reached skill level 1 in Hexes
  3686 | D:4      | Reached skill level 1 in Invocations
  3693 | D:4      | Reached skill level 5 in Conjurations
  4510 | D:4      | Noticed Sigmund
  4515 | D:4      | Killed Sigmund
  4515 | D:4      | Your scales start taking on a lurid green colour.
  4515 | D:4      | Reached XP level 7. HP: 50/50 MP: 7/12
  4515 | D:4      | Gained mutation: Your system is resistant to poisons.
                  | (rPois) [Green Draconian growth]
  4787 | D:4      | Found a glowing silver altar of Zin.
  4839 | D:5      | Entered Level 5 of the Dungeon
  5393 | D:5      | Reached XP level 8. HP: 57/57 MP: 14/14
  5403 | D:5      | Reached skill level 6 in Conjurations
  5459 | D:5      | Noticed Blork the orc
  5473 | D:5      | Killed Blork the orc
  5807 | D:5      | Reached ** piety under Qazlal
  5839 | D:5      | Found a runed translucent door.
  5840 | D:5      | Noticed Crazy Yiuf
  5847 | D:5      | Killed Crazy Yiuf
  5952 | D:5      | Noticed Dowan
  5954 | D:5      | Noticed Duvessa
  5971 | D:5      | Killed Duvessa
  5974 | D:5      | Killed Dowan
  6476 | D:6      | Noticed Pikel
  6486 | D:6      | Killed Pikel
  6486 | D:6      | Reached skill level 7 in Conjurations
  6486 | D:6      | Reached XP level 9. HP: 37/62 MP: 5/16
  6560 | D:6      | Noticed Maggie
  6581 | D:6      | Killed Maggie
  6860 | D:6      | Found a staircase to the Ecumenical Temple.
  6868 | Temple   | Entered the Ecumenical Temple
  6926 | D:6      | Found Moplohum's Antique Weapon Boutique.
  7010 | D:6      | Reached skill level 5 in Spellcasting
  7622 | D:8      | Found a transporter.
  7622 | D:8      | Found a transporter.
  7801 | D:7      | Found a hide-covered altar of Uskayaw.
  7884 | D:7      | Reached skill level 5 in Unarmed Combat
  8108 | D:7      | Noticed Prince Ribbit
  8116 | D:7      | Killed Prince Ribbit
  8116 | D:7      | Reached skill level 8 in Conjurations
  8136 | D:7      | Found an opulent altar of Gozag.
  8136 | D:7      | Found a sparkling altar of Nemelex Xobeh.
  8226 | D:7      | Found a blossoming altar of Fedhas.
  8455 | D:8      | Noticed a flayed ghost
  8455 | D:8      | Found an ancient bone altar of Kikubaaqudgha.
  8455 | D:8      | Found a basalt altar of Yredelemnul.
  8466 | D:8      | HP: 2/62 [something (3)]
  8469 | D:8      | Slain by a vampire

Illustrated notes

Levels and vault maps discovered:
D:1:      dpeg_arrival_houses_and_road, layout_loops_ring, minmay_pentomino_o4
D:2:      layout_basic, lemuel_round_altar, grunt_qazlal_sundering
D:3:      layout_loops_ring, makhleb_grotto_becter, ebering_ghost_sewer_f,
          elyvilon_altar_5
D:4:      layout_basic, kennysheep_mini, first_ration, uniq_sigmund
D:5:      layout_basic, kennysheep_generic_room_8, uniq_blork_the_orc,
          uniq_duvessa, uniq_crazy_yiuf_cottage
D:6:      layout_cave_pools, minmay_temple_entry_glassed_door, serial_shops,
          shop, uniq_pikel, uniq_maggie
D:7:      layout_basic, grunt_temple_overflow_opulence,
          eat_drink_and_be_merry_uskayaw, fedhas_altar_fruit_tree,
          uniq_prince_ribbit1
D:8:      layout_loops_cross, gammafunk_temple_of_torment, serial_shops, shop,
          special_room [special_room_orc], uniq_gastronok
Temple:   nicolae_temple_god_jail

Skill      XL: |  1  2  3  4  5  6  7  8  9 |
---------------+----------------------------+-----
Stealth        | 2 3 4 |  4.0
Dodging        | 2 3 4 |  4.8
Unarmed Combat | 1 2 3 4 5 |  5.1
Spellcasting   | 3 4 5 |  5.3
Hexes          | 1 2 3 4 |  4.1
Invocations    | 1 2 3 4 |  4.8
Conjurations   | 5 7 8 |  8.1

Action                   |  1- 3 |  4- 6 |  7- 9 || total
-------------------------+-------+-------+-------++-------
Melee: Unarmed           |   208 |   169 |   248 ||   625
       Tailslap          |    21 |    14 |    25 ||    60
       Punch             |       |       |     2 ||     2
 Cast: Magic Dart        |    22 |    28 |    18 ||    68
       Searing Ray       |    11 |    17 |    45 ||    73
       Dazzling Flash    |       |       |     1 ||     1
 Abil: Breathe Noxious F |       |       |     3 ||     3
  Use: Scroll            |     5 |     6 |     6 ||    17
       Potion            |     1 |     5 |     3 ||     9
 Stab: Confused          |       |       |     1 ||     1
  Eat: Chunk             |     5 |     5 |    10 ||    20
       Ration            |       |     1 |     1 ||     2
Armor: Skin              |    71 |    59 |   125 ||   255
Dodge: Dodged            |   123 |   132 |   221 ||   476
Block: Other             |       |     3 |    30 ||    33
